 Dungeon Crawl Stone Soup version 0.21.1-1-g345015f (webtiles) character file.

64 inc the Vexing (level 3, -7/14 HPs)
             Began as a Felid Enchanter on Feb 25, 2018.
             Mangled by a big kobold
             ... wielding a +0 short sword
              (9 damage)
             ... in a sewer.
             The game lasted 00:07:15 (3236 turns).

inc the Vexing (Felid Enchanter)                    Turns: 3236, Time: 00:07:16

Health: -7/14      AC:  1    Str:  4    XL:     3   Next: 91%
Magic:  1/7        EV: 18    Int: 19    God:
Gold:   200        SH:  0    Dex: 16    Spells: 0/6 levels left
                                        Lives:  0   Deaths: 0

rFire    . . .     SeeInvis +     - Unarmed
rCold    . . .     Gourm    .   (shield unavailable)
rNeg     . . .     Faith    .   (armour unavailable)
rPois    .         Spirit   .   (helmet unavailable)
rElec    .         Reflect  .   (cloak unavailable)
rCorr    .         Harm     .   (gloves unavailable)
MR       .....                  (boots unavailable)
Stlth    +++.......             (no amulet)
HPRegen  0.04/turn              j - +2 ring of intelligence
MPRegen  0.10/turn              (no ring)

@: very slightly contaminated, quick
A: very small, no armour, no weapons or thrown items, stealth, claws 1, fangs 3,
see invisible, carnivore, speed 1, shaggy fur 1, slow metabolism 1, sharp paws
a: no special abilities


You were in a sewer.
You were full.

You visited 1 branch of the dungeon, and saw 3 of its levels.
You also visited: Sewer.

You collected 200 gold pieces.

Inventory:

Jewellery
 j - a +2 ring of intelligence (left paw)
Wands
 m - a wand of polymorph (17)
Scrolls
 c - 3 scrolls of remove curse {unknown}
 e - 2 scrolls of identify {unknown}
 f - a scroll of noise {unknown}
 i - a scroll of fog {unknown}
 k - a scroll of enchant armour {unknown}
 l - a scroll of teleportation {unknown}
Potions
 d - a potion of might {unknown}
 g - 3 potions of curing {unknown}
 h - a potion of resistance {unknown}
Books
 a - a book of Maledictions

   Spells                             Type                      Level
   a - Corona                         Hexes                        1
   b - Ensorcelled Hibernation        Hexes/Ice                    2
   c - Confuse                        Hexes                        3
   d - Tukima's Dance                 Hexes                        3
   e - Dazzling Spray                 Conjuration/Hexes            3
Comestibles
 b - 10 rations


   Skills:
 - Level 2.6 Dodging
 - Level 4.0 Stealth
 + Level 3.8 Unarmed Combat
 - Level 2.0 Spellcasting
 - Level 4.4 Hexes


You couldn't memorise any spells.
You knew the following spells:

 Your Spells              Type           Power        Failure   Level  Hunger
a - Corona                Hex            ###....      2%          1    #......
b - Ensorcelled Hibernat  Hex/Ice        ##....       11%         2    ###....
c - Confuse               Hex            ###.....     9%          3    ###....


Dungeon Overview and Level Annotations

Branches:
Dungeon (3/15)

Altars:
Makhleb
Okawaru


Innate Abilities, Weirdness & Mutations

You cannot wear armour.
You are incapable of wielding weapons or throwing items.
Your paws allow you to move quietly. (Stealth)
You have sharp claws.
You have razor-sharp teeth.
You have supernaturally acute eyesight. (SInv)
You are carnivorous and can eat meat at any time.
You cover ground quickly.
You are covered in fur. (AC +1)
You have a slow metabolism.
Your sharp claws are effective at attacking unaware monsters.


Message History

The big kobold is moderately wounded.
You scratch the big kobold but do no damage.
The big kobold is moderately wounded.
The big kobold hits you with a short sword.
* * * LOW HITPOINT WARNING * * *
Casting: Ensorcelled Hibernation
Confirm with . or Enter, or press ? or * to list all spells.
Aiming: Corona
Press: ? - help, Shift-Dir - straight line, f/p - big kobold
Aim: a big kobold, wielding a short sword (moderately wounded, chance to defeat MR: 56%)
The big kobold is outlined in light.
The big kobold hits you but does no damage.
You barely miss the big kobold.
The big kobold is moderately wounded.
The big kobold barely misses you.
You scratch the big kobold. You bite the big kobold.
The big kobold is heavily wounded.
The big kobold hits you with a short sword!
Ouch! That really hurt!
You die...

##### ### #### ##...##
##≈.
#...≈#####≈...≈#####..≈
#...KK@...≈(...≈≈≈≈).≈.
##.?.#####.....#####...
##. ##...## ##.≈ #
##≈## ##≈ #≈# #≈ #≈# #≈
#≈# ##≈ .≈. ##†.
≈!.#####.≈.


You could see a big kobold and a kobold.

Vanquished Creatures
  A dart slug (D:1)
  4 leopard geckos
  7 bats
  7 giant cockroaches
  4 hobgoblins (D:1)
  3 jackals (D:2)
  7 kobolds
  2 quokkas
  3 ball pythons
  4 frilled lizards
  4 goblins
  6 rats
52 creatures vanquished.

Notes
Turn   | Place    | Note
-------+----------+-------------------------------------------
     0 | D:1      | inc the Felid Enchanter began the quest for the Orb.
     0 | D:1      | Reached XP level 1. HP: 7/7 MP: 4/4
   676 | D:1      | Reached XP level 2. HP: 8/11 MP: 6/6
  1150 | D:1      | Reached XP level 3. HP: 13/14 MP: 7/7
  1740 | D:2      | Learned a level 2 spell: Ensorcelled Hibernation
  1744 | D:2      | Learned a level 3 spell: Confuse
  1917 | D:2      | Found an iron altar of Okawaru.
  2686 | D:3      | Found a burning altar of Makhleb.
  2972 | D:3      | Found a glowing drain.
  2978 | Sewer    | Entered a sewer
  3216 | Sewer    | Noticed a big kobold
  3236 | Sewer    | Mangled by a big kobold

Skill      XL: |  1  2 |
---------------+-------+-----
Unarmed Combat | 2 3 |  3.8
Dodging        | |  2.6
Stealth        | |  4.0
Spellcasting   | |  2.0
Hexes          | |  4.4

Action                   || total
-------------------------++-------
Melee: Unarmed           ||   165
       Bite              ||     9
 Cast: Ensorcelled Hiber ||    23
       Corona            ||     3
 Stab: Sleeping          ||    29
  Eat: Chunk             ||    10
Armor: Skin              ||     6
Dodge: Dodged            ||   137
